 Dungeon Crawl Stone Soup version 0.27-a0-1434-g6f15984924 (webtiles) character file.

Game seed: 1796652080402525548

50 blackman the Conjurer (level 3, -2/26 HPs)
             Began as a Draconian Conjurer on July 3, 2021.
             Was a Follower of Vehumet.
             Slain by Terence (8 damage)
             ... on level 2 of the Dungeon.
             The game lasted 00:16:57 (2459 turns).

blackman the Conjurer (Draconian Conjurer)          Turns: 2459, Time: 00:16:57

Health: -2/26      AC:  6    Str:  9    XL:     3   Next: 55%
Magic:  1/7        EV: 12    Int: 19    God:    Vehumet [*.....]
Gold:   44         SH:  0    Dex:  9    Spells: 4/7 levels left

rFire    . . .     SeeInvis .   a - +0 dagger
rCold    . . .     Faith    .   (no shield)
rNeg     . . .     Spirit   .   (armour unavailable)
rPois    .         Reflect  .   (helmet restricted)
rElec    .         Harm     .   (no cloak)
rCorr    .         Rampage  .   (no gloves)
Will     .....                  c - +0 pair of boots
Stlth    ++........             (no amulet)
HPRegen  0.08/turn              (no ring)
MPRegen  0.10/turn              (no ring)

@: no status effects
A: AC +5, unfitting armour, cold-blooded
a: Renounce Religion


You were on level 2 of the Dungeon.
You worshipped Vehumet.
Vehumet was aware of your devotion.
You visited 1 branch of the dungeon, and saw 2 of its levels.

You collected 44 gold pieces.

Inventory:

Hand Weapons
 a - a +0 dagger (weapon)
 e - a +0 dagger
Armour
 c - a +0 pair of boots (worn)
Scrolls
 b - a scroll of teleportation {unknown}
 d - a scroll of identify {unknown}
Potions
 f - a potion of degeneration {unknown}


   Skills:
 - Level 2.1 Dodging
 - Level 2.1 Stealth
 + Level 2.7 Spellcasting
 + Level 4.5 Conjurations


You had 4 spell levels left.
You knew the following spells:

 Your Spells              Type           Power      Damage    Failure   Level
a - Magic Dart            Conj           76%        1d6       2%          1
b - Searing Ray           Conj           38%        3d4       3%          2

Your spell library contained the following spells:

 Spells                   Type           Power      Damage    Failure   Level
 Freeze                   Ice            8%         1d3       16%         1
 Animate Skeleton         Necr           4%         N/A       16%         1
 Pain                     Necr           8%         1d4       16%         1
 Dazzling Flash           Conj/Hex       22%        N/A       19%         3
 Vampiric Draining        Necr           1%         2d6       43%         3
 Fulminant Prism          Conj/Hex       5%         3d7       52%         4
 Iskenderun's Mystic Bla  Conj/Tloc      11%        2d4       52%         4


Dungeon Overview and Level Annotations

Branches:
Dungeon (2/15)

Altars:
Vehumet

Annotations:
D:2 Terence


Innate Abilities, Weirdness & Mutations

Your plain brown scales are hard. (AC +5)
You cannot fit into any form of body armour.
You are cold-blooded and may be slowed by cold attacks.


Message History

Terence is severely wounded.
Terence hits you with a +0 short sword of protection.
You hit Terence but do no damage.
Terence is severely wounded.
Terence misses you.
You closely miss Terence.
Terence is severely wounded.
Terence hits you with a +0 short sword of protection.
You hit Terence but do no damage.
Terence is severely wounded.
Terence asks, "Do you want it fast or slow?"
Terence closely misses you.
You hit Terence but do no damage.
Terence is severely wounded.
Terence hits you but does no damage.
You hit Terence but do no damage.
Terence is severely wounded.
Terence closely misses you.
You barely miss Terence.
Terence is severely wounded.
Terence hits you with a +0 short sword of protection.
You barely miss Terence.
Terence is severely wounded.
Terence hits you with a +0 short sword of protection.
You closely miss Terence.
Terence is severely wounded.
Terence hits you with a +0 short sword of protection.
* * * LOW HITPOINT WARNING * * *
You hit Terence but do no damage.
Terence is severely wounded.
Terence barely misses you.
Casting: Searing Ray (safe; 3% risk of failure)
Confirm with . or Enter, or press ? or * to list all spells.
Aiming: Magic Dart (safe; 2% risk of failure)
Press: ? - help, Shift-Dir - straight line, f/p - Terence
Aim: Terence, wielding a +0 short sword of protection and wearing a +0 chain mail (severely wounded, 100% to hit)
The magic dart hits Terence but does no damage.
Terence is severely wounded.
Terence hits you with a +0 short sword of protection!
You die...

....................#
..#.#.#.#.#..........#
........<..............
..#.#.#.#.#........#..#
............#########.#
..#.#.#.#.### ..
.........## .##....@.#
.......@.#
...†...........
...............
...............
...............
###............
#............
#............


You could see Terence.

Vanquished Creatures
  2 adders (D:2)
  2 dart slugs
  3 ball pythons
  3 bats
  2 endoplasms (D:2)
  A giant cockroach (D:2)
  4 goblins
  2 hobgoblins
  A kobold (D:1)
  7 rats
27 creatures vanquished.

Vanquished Creatures (others)
  6 fungi (D:2)
  4 toadstools (D:2)
10 creatures vanquished.

Grand Total: 37 creatures vanquished

Notes
Turn   | Place    | Note
-------+----------+-------------------------------------------
     0 | D:1      | blackman the Draconian Conjurer began the quest for the
                  | Orb.
     0 | D:1      | Reached XP level 1. HP: 14/14 MP: 3/3
   285 | D:1      | Reached XP level 2. HP: 20/20 MP: 1/5
   686 | D:1      | Found a faded altar of an unknown god.
   996 | D:1      | Became a worshipper of Vehumet
   996 | D:1      | Reached * piety under Vehumet
   996 | D:1      | Offered knowledge of Freeze by Vehumet.
  1001 | D:1      | Learned a level 2 spell: Searing Ray
  1124 | D:2      | Noticed Terence
  1580 | D:2      | Reached XP level 3. HP: 8/26 MP: 2/6
  2459 | D:2      | Slain by Terence

Illustrated notes

Levels and vault maps discovered:
D:1:      lightli_arrival_flooded_house, layout_loops_ring,
          ebering_ecumenical_altar_sacrificial, minmay_large_rounded_square
D:2:      minmay_alternating_diamond, layout_basic, minmay_gold_behind_fungi,
          grunt_ministairs_5, st_stairs_9, uniq_terence, uniq_robin,
          uniq_crazy_yiuf_cottage

Skill      XL: |  1 |
---------------+----+-----
Dodging        | 2 |  2.1
Stealth        | 2 |  2.1
Spellcasting   | |  2.7
Conjurations   | |  4.5

Action                   || total
-------------------------++-------
Melee: Dagger            ||    30
       Tailslap          ||     2
 Cast: Magic Dart        ||    53
       Searing Ray       ||     2
Armor: Skin              ||    13
Dodge: Dodged            ||    13

Table legend: (Time is in decaauts)
 A = Elapsed time spent in this place.
 B = Non-inter-level travel time spent in this place.
 C = Inter-level travel time spent in this place.
 D = Time resting spent in this place.
 E = Time spent auto-exploring this place.
 F = Levels seen in this place.
 G = Mean time per level.
                   A        B        C        D        E       F      G
               +--------+--------+--------+--------+--------+-----+--------+
         Total |   2464 |   2221 |    243 |    928 |    405 |   2 | 1232.0 |
       Dungeon |   2464 |   2221 |    243 |    928 |    405 |   2 | 1232.0 |
               +--------+--------+--------+--------+--------+-----+--------+

Top non-repeatable levels by time:
     D:2: 1252 daAuts
     D:1: 1212 daAuts
